 Dungeon Crawl Stone Soup version 0.29-a0-816-g82769f0e0c (webtiles) character file.

Game seed: 938368029700410952

18 Garessta the Scratcher (level 2, 13/13 HPs)
             Began as a Felid Transmuter on July 5, 2022.
             Was a Follower of Vehumet.
             Quit the game on level 1 of the Dungeon.
             The game lasted 00:01:13 (586 turns).

Garessta the Scratcher (Felid Transmuter)            Turns: 586, Time: 00:01:14

Health: 13/13      AC:  1    Str:  6    XL:     2   Next: 48%
Magic:  6/6        EV: 17    Int: 14    God:    Vehumet [*.....]
Gold:   77         SH:  0    Dex: 16    Spells: 2/5 levels left
                                        Lives:  0   Deaths: 0

rFire   . . .      SeeInvis +     - Unarmed
rCold   . . .      Faith    .   (shield unavailable)
rNeg    + . .      Spirit   .   (body armour unavailable)
rPois   .          Reflect  .   (helmet unavailable)
rElec   .          Harm     .   (cloak unavailable)
rCorr   .          Rampage  .   (gloves unavailable)
Will    .....                   (boots unavailable)
Stlth   +.........              (no amulet)
HPRegen 0.04/turn               e - ring of positive energy
MPRegen 0.10/turn               (no ring)

@: quick
A: very small, claws 1, fangs 3, see invisible, speed 1, shaggy fur 1, stealthy
paws, no weapons or thrown items, no armour, multi-lived
a: Renounce Religion


You were on level 1 of the Dungeon.
You worshipped Vehumet.
Vehumet was aware of your devotion.
You visited 1 branch of the dungeon, and saw 1 of its levels.

You collected 77 gold pieces.

Inventory:

Jewellery
 e - a ring of positive energy (left paw)
 f - a ring of flight
Scrolls
 b - 5 scrolls of identify {unknown}
 c - 4 scrolls of amnesia {unknown}
 d - a scroll of immolation {unknown}
Potions
 a - 3 potions of lignification


   Skills:
 + Level 1.9 Fighting
 - Level 2.6 Dodging
 + Level 3.4 Unarmed Combat
 - Level 2.0 Spellcasting
 - Level 2.1 Transmutations


You had 2 spell levels left.
You knew the following spells:

 Your Spells              Type           Power      Damage    Failure   Level
a - Beastly Appendage     Tmut           14%        N/A       10%         1
b - Wereblood             Tmut           7%         N/A       14%         2

Your spell library contained the following spells:

 Spells                   Type           Power      Damage    Failure   Level
 Magic Dart               Conj           4%         1d3       24%         1
 Summon Small Mammal      Summ           4%         N/A       24%         1
 Spider Form              Tmut/Pois      4%         N/A       41%         3
 Call Canine Familiar     Summ           1%         N/A       56%         3
 Summon Guardian Golem    Hex/Summ       1%         N/A       56%         3
 Ice Form                 Ice/Tmut       4%         N/A       83%         4
 Chain Lightning          Conj/Air       0%         2d1       100%        9
 Fire Storm               Conj/Fire      0%         6d1       100%        9
 Shatter                  Erth           0%         3d5*      100%        9


Dungeon Overview and Level Annotations

Branches:
Dungeon (1/15)

Altars:
Vehumet


Innate Abilities, Weirdness & Mutations

You have sharp claws.
You have razor-sharp teeth.
You have supernaturally acute eyesight. (SInv)
You cover ground quickly. (Speed+)
You are covered in fur. (AC +1)
Your paws help you pounce on unaware monsters.
You are incapable of wielding weapons or throwing items.
You cannot wear armour.
You gain extra lives every three experience levels.


Message History

Your horns disappear.
Your primal bloodlust is almost over.
Your primal bloodlust has ended.
Items here: ( )) †.
a - 3 potions of lignification (gained 1)
c - 4 scrolls labelled HOSINW RAW XITH (gained 1)
Found a plate armour.
You now have 50 gold pieces (gained 13).
Found a stone staircase leading down.
e - a ring of positive energy
e - a ring of positive energy (left paw)
An endoplasm comes into view.
An endoplasm is nearby!
Casting: Wereblood (safe; 14% risk of failure)
Confirm with . or Enter, or press ? or * to list all spells.
You grow a pair of large bovine horns.
Found 11 gold pieces.
Found 16 gold pieces.
Found a faded altar of an unknown god.
You scratch the endoplasm.
The endoplasm is severely wounded.
The endoplasm freezes you.
You are frozen.
You scratch the endoplasm.
The endoplasm is almost dead.
The endoplasm barely misses you.
You scratch the endoplasm.
You kill the endoplasm!
Your transformation is almost over.
f - a ring of flight
There is a faded altar of an unknown god here.
Your horns disappear.
You now have 66 gold pieces (gained 16).
You now have 77 gold pieces (gained 11).
There is a faded altar of an unknown god here.
You cannot tell which god this altar belongs to.
Convert to them anyway?
Vehumet accepts your prayer! Vehumet welcomes you!
You can now gain magical power from killing.
Vehumet offers you knowledge of Magic Dart.
Are you sure you want to abandon this character and quit the game? (Confirm with "yes".)

#############
#...........#
#.###..###..#
########...........#
#..................#
#..................#
#.............###..#
#....................#
#.........@.......##.#
#........###..###.# #
#..................#
.................#....
.##..............# .
#........##....#.#
####.............#
+.........#.### .
#.....#...# # #.


There were no monsters in sight!

Vanquished Creatures
  A gnoll (D:1)
  3 endoplasms (D:1)
  A hobgoblin (D:1)
  A frilled lizard (D:1)
  A goblin (D:1)
  2 kobolds (D:1)
9 creatures vanquished.

Notes
Turn   | Place    | Note
-------+----------+-------------------------------------------
     0 | D:1      | Garessta the Felid Transmuter began the quest for the Orb.
     0 | D:1      | Reached XP level 1. HP: 9/9 MP: 4/4
   172 | D:1      | Reached XP level 2. HP: 12/12 MP: 4/6
   175 | D:1      | Learned a level 2 spell: Wereblood
   555 | D:1      | Found a faded altar of an unknown god.
   585 | D:1      | Prayed at the altar of an unknown god.
   585 | D:1      | Became a worshipper of Vehumet
   585 | D:1      | Reached * piety under Vehumet
   585 | D:1      | Offered knowledge of Magic Dart by Vehumet.
   586 | D:1      | Quit the game

Illustrated notes

Levels and vault maps discovered:
D:1:      roderic_octagonal_star, layout_basic,
          hellmonk_ecumenical_altar_lost_god

Action                   || total
-------------------------++-------
Melee: Unarmed           ||    22
       Bite              ||     2
       Headbutt          ||     3
 Cast: Beastly Appendage ||     8
       Wereblood         ||     2
Armor: Skin              ||     1
Dodge: Dodged            ||     9

Table legend: (Time is in decaauts)
 A = Elapsed time spent in this place.
 B = Non-inter-level travel time spent in this place.
 C = Inter-level travel time spent in this place.
 D = Time resting spent in this place.
 E = Time spent auto-exploring this place.
 F = Levels seen in this place.
 G = Mean time per level.
                   A        B        C        D        E       F      G
               +--------+--------+--------+--------+--------+-----+--------+
         Total |    509 |    509 |      0 |      0 |    415 |   1 |  509.0 |
       Dungeon |    509 |    509 |      0 |      0 |    415 |   1 |  509.0 |
               +--------+--------+--------+--------+--------+-----+--------+

Top non-repeatable levels by time:
     D:1: 509 daAuts
